Map: Post-Youth LE

Players

Kelazhur

  • Race: Terran Terran
  • League: Master
  • Spawn Location: 7:00

trigger - Winner!

  • Race: Protoss Protoss
  • League: Master
  • Spawn Location: 1:00

Event: Bellum Gens Elite Stara Zagora 2024

VOD

Have the link to the VOD?

Description

Time

  • Played on: Sept. 5, 2024, 10:14 a.m.
  • Length: 12:42

All games in this series

Show
View Real Time Build Order
Export as new Build Order

Kelazhur Terran 

Build Orders: Cyclone Opening 

Get SALT Encoding   

  12  0:00  SCV  
  13  0:12  SCV  
  14  0:17  Supply Depot  
  14  0:24  SCV  
  15  0:38  SCV  
  15  0:40  Barracks  
  16  0:44  Refinery  
  16  0:51  SCV  
  16  0:55  Refinery  
  17  1:03  SCV  
  18  1:15  SCV  
  19  1:28  Reaper  
  19  1:30  Supply Depot  
  19  1:31  Orbital Command  
  20  1:42  Factory  
  20  1:56  SCV  
  20  2:00  Barracks Reactor  
  21  2:09  SCV  
  22  2:19  Command Center  
  22  2:23  SCV  
  22  2:26  Widow Mine  
  25  2:35  SCV  
  26  2:38  Supply Depot  
  26  2:42  Marine x2  
  28  2:47  SCV  
  28  2:50  Cyclone  
  31  3:00  Marine x2  
  31  3:02  SCV  
  34  3:11  Barracks  
  34  3:15  SCV  
  34  3:18  Marine x2  
  37  3:25  Cyclone  
  39  3:31  SCV  
  40  3:36  Orbital Command  
  40  3:40  Marine x2  
  42  3:43  SCV  
  43  3:52  Starport  
  43  3:55  SCV  
  44  3:58  Marine x2  
  44  4:02  Barracks Tech Lab  
  46  4:04  Factory Reactor  
  46  4:05  SCV  
  46  4:07  SCV  
  48  4:14  Supply Depot  
  48  4:17  SCV, Marine x2  
  49  4:19  SCV  
  49  4:22  Marine, Stimpack  
  53  4:27  Supply Depot  
  53  4:29  SCV  
  54  4:35  SCV  
  54  4:37  Supply Depot, Marine x2  
  57  4:40  Marauder  
  57  4:41  SCV  
  57  4:47  SCV  
  57  4:52  Medivac x2  
  62  4:57  SCV, Marine x2  
  65  5:01  Engineering Bay  
  65  5:02  SCV  
  65  5:04  Marauder  
  65  5:07  Widow Mine  
  70  5:09  SCV  
  68  5:14  SCV  
  68  5:17  Marine x2  
  71  5:22  Medivac x2  
  71  5:27  Marauder  
  77  5:29  SCV  
  77  5:30  Supply Depot  
  78  5:37  Supply Depot  
  78  5:47  Missile Turret  
  78  5:48  Missile Turret  
  78  5:49  Terran Infantry Weapons Level 1  
  78  5:51  Supply Depot, Marine x3  
  78  5:52  SCV, Widow Mine  
  78  5:56  SCV  
  84  6:02  Combat Shield  
  85  6:04  SCV  
  85  6:10  Marauder  
  67  6:20  SCV, Marine x2, Command Center  
  67  6:22  Widow Mine  
  67  6:23  Medivac  
  74  6:29  Refinery  
  74  6:30  Refinery  
  74  6:31  Marauder  
  74  6:36  SCV  
  74  6:39  SCV, Barracks  
  76  6:45  Marine x2  
  78  6:48  SCV  
  78  6:50  Factory Tech Lab  
  78  6:51  SCV  
  78  6:52  Marauder  
  78  6:53  Medivac  
  78  6:54  Armory  
  84  7:00  SCV  
  85  7:03  SCV  
  85  7:04  Marine  
  85  7:10  Marine  
  85  7:12  SCV  
  85  7:14  Marauder  
  89  7:20  SCV, Barracks  
  89  7:21  Barracks  
  87  7:24  Supply Depot  
  87  7:26  Marine x2  
  87  7:28  Marine  
  88  7:31  SCV  
  88  7:35  Marauder  
  90  7:42  SCV  
  90  7:43  SCV, Marine  
  95  7:44  Terran Infantry Weapons Level 2  
  95  7:45  Drilling Claws  
  95  7:48  Siege Tank  
  95  7:49  Barracks Tech Lab  
  96  7:52  Supply Depot  
  96  7:54  Missile Turret  
  96  7:55  SCV x2, Marine  
  96  7:57  Concussive Shells, Marauder  
  101  8:00  Supply Depot  
  101  8:07  SCV x2  
  101  8:08  Medivac  
  101  8:10  Barracks Tech Lab  
  105  8:16  Orbital Command  
  105  8:19  SCV  
  107  8:20  SCV, Barracks Reactor  
  107  8:23  Marauder  
  109  8:29  Marauder  
  109  8:30  Marine, Marauder  
  109  8:37  Orbital Command  
  109  8:40  Medivac x2  
  109  8:41  Marine  
  106  8:44  Marauder  
  106  8:48  Marine  
  103  8:50  Marauder  
  103  8:51  Marauder  
  98  8:59  Marine  
  77  9:03  Widow Mine  
  77  9:04  Marine x2  
  77  9:05  Marauder  
  83  9:11  Marine, Marauder  
  83  9:13  Marauder  
  83  9:16  Marine  
  89  9:17  Liberator  
  89  9:20  Liberator  
  89  9:22  Marine  
  96  9:24  Marine  
  96  9:27  Marauder  
  99  9:33  Marine  
  99  9:34  Marine  
  101  9:39  Marine  
  101  9:40  Orbital Command  
  101  9:42  Marine  
  103  9:45  Barracks Reactor  
  103  9:48  Marauder  
  103  9:51  Marine, Marauder  
  108  9:56  Widow Mine x2  
  108  9:57  Marine  
  113  10:00  SCV x2  
  113  10:02  Terran Infantry Weapons Level 3  
  113  10:06  SCV  
  116  10:10  Marauder  
  116  10:13  Marauder  
  122  10:16  Supply Depot  
  122  10:17  Supply Depot x2  
  122  10:19  Marine x2  
  122  10:20  Marauder  
  124  10:23  Refinery x2  
  124  10:27  Ghost Academy  
  124  10:30  Medivac x2  
  124  10:31  Marauder  
  124  10:33  Widow Mine  
  132  10:38  Widow Mine  
  132  10:39  Marine, Marauder  
  132  10:41  Marauder  
  132  10:42  Marine x2  
  141  10:48  Supply Depot  
  141  10:51  Marine  
  141  10:56  Marauder  
  144  11:00  Marauder, Widow Mine x2  
  144  11:02  Marine x3  
  144  11:03  Ghost  
  155  11:11  Medivac  
  155  11:16  Ghost  
  156  11:21  Ghost  
  156  11:23  Marine  
  147  11:28  Marine x3  
  150  11:33  Marauder  
  150  11:34  Viking  
  152  11:41  Marine, Viking  
  152  11:46  Marauder  
  146  11:47  Marine x3  
  146  11:50  Marauder  
  146  11:51  Supply Depot  
  146  11:53  Supply Depot, Ghost  
  149  11:59  Marine  
  143  12:04  Viking  
  143  12:05  Marine x2  
  143  12:07  Marauder  
  147  12:11  Viking  
  147  12:12  Marauder  
  147  12:15  Marine  
Show
View Real Time Build Order
Export as new Build Order

trigger Protoss - Winner!

Build Orders: 1 Gate Expand, Oracle Opening 

Get SALT Encoding   

  12  0:00  Probe  
  13  0:12  Probe  
  14  0:19  Pylon  
  14  0:24  Probe (Chrono Boost)  
  15  0:38  Gateway  
  15  0:39  Probe (Chrono Boost)  
  16  0:45  Probe (Chrono Boost)  
  16  0:47  Assimilator  
  17  0:53  Probe  
  18  1:05  Probe  
  19  1:17  Probe  
  20  1:26  Cybernetics Core  
  20  1:35  Nexus  
  20  1:40  Probe  
  20  1:47  Pylon  
  21  1:54  Assimilator  
  21  1:55  Probe (Chrono Boost)  
  22  2:04  Stalker  
  24  2:08  Probe (Chrono Boost)  
  24  2:15  Probe (Chrono Boost)  
  25  2:22  Probe  
  25  2:26  Stargate  
  26  2:35  Warp Gate, Probe (Chrono Boost)  
  28  2:44  Stalker  
  28  2:45  Probe (Chrono Boost)  
  31  2:51  Probe (Chrono Boost)  
  31  2:57  Probe (Chrono Boost)  
  32  2:58  Shield Battery  
  32  3:00  Probe (Chrono Boost)  
  32  3:04  Probe (Chrono Boost)  
  34  3:06  Probe  
  34  3:09  Oracle (Chrono Boost)  
  38  3:16  Probe  
  38  3:19  Probe  
  40  3:21  Pylon  
  40  3:28  Probe  
  40  3:30  Gateway  
  40  3:32  Probe  
  42  3:38  Stalker  
  42  3:40  Probe  
  45  3:45  Assimilator  
  45  3:47  Twilight Council  
  46  3:48  Probe  
  46  3:55  Pylon, Probe  
  47  3:59  Gateway  
  47  4:04  Probe  
  48  4:19  Probe  
  48  4:20  Blink (Chrono Boost)  
  48  4:23  Stalker  
  51  4:25  Nexus  
  51  4:27  Pylon  
  51  4:35  Stalker  
  51  4:36  Probe  
  53  4:41  Probe  
  54  4:49  Stalker  
  54  4:50  Probe  
  57  4:55  Probe  
  57  4:56  Forge  
  57  4:58  Stalker x2  
  62  5:10  Probe  
  62  5:12  Shield Battery  
  62  5:13  Shield Battery  
  61  5:17  Probe  
  61  5:21  Stalker x3  
  64  5:23  Probe  
  69  5:29  Probe  
  69  5:30  Protoss Ground Weapons Level 1 (Chrono Boost)  
  70  5:37  Probe (Chrono Boost)  
  72  5:43  Probe (Chrono Boost)  
  72  5:45  Stalker, Probe (Chrono Boost)  
  72  5:46  Stalker  
  78  5:51  Charge (Chrono Boost)  
  78  5:55  Probe (Chrono Boost)  
  78  5:57  Gateway  
  78  5:58  Gateway  
  78  6:00  Stalker  
  80  6:04  Probe  
  80  6:10  Probe  
  79  6:13  Stalker x2  
  82  6:21  Probe x2  
  82  6:22  Probe  
  85  6:32  Gateway  
  84  6:33  Gateway  
  84  6:36  Gateway  
  84  6:39  Pylon  
  85  6:41  Pylon  
  84  6:49  Gateway  
  84  6:50  Gateway  
  84  6:51  Pylon  
  84  7:00  Pylon  
  84  7:01  Zealot x3, Sentry x2  
  92  7:17  Nexus  
  92  7:23  Protoss Ground Armor Level 1 (Chrono Boost)  
  92  7:26  Pylon  
  92  7:32  Zealot x7  
  92  7:34  Pylon  
  106  7:39  Pylon  
  106  7:43  Probe x2  
  108  7:48  Robotics Facility  
  108  7:50  Probe  
  109  7:51  Pylon  
  109  7:56  Shield Battery  
  109  7:59  Probe  
  109  8:04  Probe  
  109  8:05  Probe  
  112  8:09  Zealot x3  
  112  8:10  Zealot x6  
  130  8:13  Probe  
  130  8:16  Probe  
  130  8:17  Probe  
  130  8:19  Zealot  
  135  8:20  Assimilator  
  135  8:22  Pylon  
  135  8:24  Assimilator  
  111  8:42  Zealot  
  111  8:43  Zealot x8  
  111  8:44  Probe x2  
  125  8:51  Probe  
  125  8:52  Zealot, Probe, Protoss Ground Weapons Level 2 (Chrono Boost)  
  125  8:54  Immortal (Chrono Boost)  
  117  9:01  Robotics Bay  
  109  9:09  Sentry  
  111  9:10  Sentry  
  111  9:15  Nexus  
  113  9:23  Robotics Facility  
  113  9:26  Shield Battery  
  113  9:27  Observer (Chrono Boost), Photon Cannon  
  113  9:29  Pylon  
  114  9:41  Extended Thermal Lance  
  111  9:46  Colossus (Chrono Boost)  
  117  9:54  Probe x3  
  117  9:55  Probe  
  117  9:56  Phoenix  
  121  10:06  Probe x2  
  121  10:19  Colossus (Chrono Boost)  
  127  10:24  Probe x2  
  127  10:26  Probe x2  
  127  10:27  Gateway  
  137  10:29  Gateway  
  137  10:32  Colossus (Chrono Boost)  
  137  10:34  Stalker x5  
  137  10:35  Stalker  
  149  10:36  Zealot x4  
  157  10:45  Nexus  
  157  10:50  Immortal (Chrono Boost)  
  161  10:57  Stalker x6  
  161  10:58  Zealot  
  175  11:09  Shield Battery, Photon Cannon  
  175  11:10  Observer, Immortal  
  175  11:11  Pylon  
  167  11:23  Immortal  
  167  11:25  Zealot x4, Pylon  
  165  11:26  Zealot x2  
  175  11:34  Zealot x4  
  183  11:44  Zealot x2  
  183  11:45  Gateway  
  179  11:49  Immortal  
  179  11:50  Zealot x4  
  189  12:00  Zealot x6  
  197  12:05  Zealot  
  171  12:16  Zealot x5  
Tags
 
Add a new tag
Caveats
  • Supply blocks, unpowered buildings, or Contaminate may cause inaccurate times.
  • Supply counts are checked every 10 seconds.